[Event "*** Titled Tuesday Blitz"]
[Site "Chess.com"]
[Date "2020.12.01"]
[Round "6"]
[White "Orest_Vovk"]
[Black "Massakru"]
[Result "1-0"]
[WhiteElo "2557"]
[BlackElo "2310"]
[TimeControl "180+1"]
[EndTime "11:05:46 PST"]
[Termination "Orest_Vovk won by resignation"]

1. g4 d5 2. h3 e5 3. Bg2 c6 4. d4 e4 5. c4 h6 6. Nc3 Nf6 7. Qb3 Qb6 8. c5 Qc7 9. g5 hxg5 10. Bxg5 Nh5 11. Nxd5 cxd5 12. Qxd5 f5 13. e3 Nc6 14.
O-O-O Be7 15. h4 Bxg5 16. hxg5 Qe7 17. Qb3 Qxg5 18. Nh3 Qf6 19. Nf4 g6 20. Nd5 Qf7 21. f3 Be6 22. fxe4 O-O-O 23. Qa4 fxe4 24. Nc3 Bd5 25. Bxe4 Bxe4 26. Nxe4 Qf3 27. Nd6+ Kb8 28. Qb3 Rd7 29. Rhf1 Qg3 30. Rf7 Rxf7 31. Qxf7 Nd8 32.
Qe7 Qg4 33. Qe5 Qd7 34. Nf7+ Qc7 35. Nxh8 Qxe5 36. dxe5 Ng3 37. Rxd8+ Kc7 38. Rg8 Ne2+ 39. Kd2 Ng3 40. Rg7+ Kc8 41. e6 Ne4+ 42. Ke2 Nxc5 43. e7 Kd7 44. Nxg6 Ne6 45. Rg8 Nc7 46. Rd8+ Ke6 47.
e8=Q+ Nxe8 48. Rxe8+ Kd7 49. Ra8 1-0

[Event "*** Titled Tuesday Blitz"]
[Site "Chess.com"]
[Date "2020.12.01"]
[Round "6"]
[White "garfio2017"]
[Black "amatatanav"]
[Result "1/2-1/2"]
[WhiteElo "2295"]
[BlackElo "2405"]
[TimeControl "180+1"]
[EndTime "11:05:46 PST"]
[Termination "Game drawn by repetition"]

1. e4 c5 2. c3 Nf6 3. e5 Nd5 4. d4 cxd4 5. cxd4 d6 6. exd6 Qxd6 7. Nc3 Nc6 8. Nf3 Bg4 9. Be2 e6 10. O-O Be7 11. h3 Bh5 12. Be3 O-O 13. Qb3 Nf4 14.
Bd1 a6 15. Ne4 Qc7 16. Rc1 Nd5 17. Ne5 Bxd1 18. Rfxd1 Rfc8 19. Nxc6 bxc6 20. Qc4 Qb6 21. b3 a5 22. Nc5 Bxc5 23. Qxc5 Qb7 24. Rb1 Ra6 25. Rdc1 Rb6 26. Qxa5 Ra8 27. Qd2 Qa6 28. a4 Rab8 29. Qc2 Nb4 30. Qc4 Qb7 31. h4 Nd5 32. h5 h6 33. a5 Ra6 34. Qa4 Qb5 35.
Qxb5 Rxb5 36. Bd2 Kf8 37. Rc5 Rxc5 38. dxc5 Ke7 39. b4 Kd7 40. Kf1 Ra7 41. Ke2 Nc7 42. Kd3 Nb5 43. Kc4 Ke7 44. Bc3 f6 45. Rd1 e5 46. f3 Na3+ 47. Kb3 Nb5 48. Kc4 Rb7 49. Rd3 Na3+ 50. Kb3 Nb5 51. Kc4 Ra7 52. Rd1 1/2-1/2

[Event "*** Titled Tuesday Blitz"]
[Site "Chess.com"]
[Date "2020.12.01"]
[Round "6"]
[White "davidkalashian"]
[Black "Gabrielian_Artur"]
[Result "1-0"]
[WhiteElo "2562"]
[BlackElo "2745"]
[TimeControl "180+1"]
[EndTime "11:05:47 PST"]
[Termination "davidkalashian won on time"]

1. e4 e5 2. Nf3 Nc6 3. d4 exd4 4. Nxd4 Bc5 5. Nxc6 Qf6 6. Qf3 dxc6 7. Nc3 Bd4 8. Bd2 Be6 9. O-O-O O-O-O 10. Qxf6 Nxf6 11. f3 h6 12. a3 Rhe8 13. Bd3 Nd7 14. Ne2 Bb6 15.
Nf4 Ne5 16. Be2 Bc4 17. b3 Bxe2 18. Nxe2 f5 19. Ng3 fxe4 20. Nxe4 Rd5 21. c4 Nd3+ 22. Kc2 Rd7 23. Bc3 Nc5 24. Rxd7 Nxd7 25. Rd1 Re7 26. Rxd7 Kxd7 27. c5 Rxe4 28. fxe4 Bxc5 29. Bxg7 h5 30. a4 Ke6 31. Kd3 b5 32. Bd4 Bb6 33. Bxb6 axb6 34. g3 Ke5 35. h3 bxa4 36. bxa4 c5 37. Ke3 c4 38. g4 hxg4 39. hxg4 c3 40. g5 c6 41. Kd3 Ke6 42. Kxc3 Kf7 43. Kd4 Kg6 44. Ke5 c5 45. Kd6 1-0

[Event "*** Titled Tuesday Blitz"]
[Site "Chess.com"]
[Date "2020.12.01"]
[Round "6"]
[White "HajduIstvanCM"]
[Black "TheCairnTerrier"]
[Result "0-1"]
[WhiteElo "1757"]
[BlackElo "2155"]
[TimeControl "180+1"]
[EndTime "11:05:47 PST"]
[Termination "TheCairnTerrier won on time"]

1. e4 c5 2. Nf3 e6 3. c4 d6 4.
Nc3 Nf6 5. d4 cxd4 6. Nxd4 Be7 7. Be2 O-O 8. Be3 b6 9. f4 Bb7 10. Bf3 Nbd7 11. O-O a6 12. Rc1 Rc8 13. b3 Qc7 14.
Qe2 Qb8 15. Rfe1 Qa8 16. Bf2 Rfe8 17. f5 e5 18. Nc2 b5 19. Nd5 Nxd5 20. cxd5 Bg5 21.
Be3 Bxe3+ 22. Qxe3 Rc7 23. Nb4 Rec8 24. Rxc7 Rxc7 25. Rc1 Qc8 26. Nd3 Rxc1+ 27. Qxc1 Qxc1+ 28. Nxc1 a5 29. Nd3 b4 30. Kf2 Ba6 31. Ke3 Bxd3 32. Kxd3 Nb6 33. h3 Kf8 34. g3 f6 35. Bd1 Ke7 36.
Ke3 Kd7 37. Be2 Kc7 38. Bb5 Nc8 39. Bd3 Kb6 40. Bc4 Kc5 41. Kd3 Nb6 42. Ba6 a4 43. Bb7 axb3 44. axb3 Nd7 45. Ba6 Nb8 46. Bc4 Kb6 0-1

[Event "*** Titled Tuesday Blitz"]
[Site "Chess.com"]
[Date "2020.12.01"]
[Round "6"]
[White "WPWPWP-2015"]
[Black "sergiochess83"]
[Result "0-1"]
[WhiteElo "2489"]
[BlackElo "2788"]
[TimeControl "180+1"]
[EndTime "11:05:48 PST"]
[Termination "sergiochess83 won on time"]

1. e4 c5 2. Nf3 d6 3. d4 cxd4 4. Nxd4 Nf6 5. Nc3 a6 6. h3 e6 7.
Be3 b5 8. a3 Bb7 9. Bd3 Nbd7 10.
f4 Nc5 11. Qf3 Be7 12. O-O O-O 13. Rae1 Re8 14. Bf2 Rc8 15. Qg3 Bf8 16. e5 dxe5 17.
fxe5 Nd5 18. Ne4 Nxe4 19. Bxe4 Qd7 20. Qf3 Rc7 21. Kh1 Ne7 22. Be3 Bxe4 23. Qxf7+ Kh8 24. Nxe6 Rxc2 25. Ng5 Rxg2 26. Qxf8+ Rxf8 27. Rxf8+ Ng8 28. Nf7+ Qxf7 29. Rxf7 Rf2+ 30. Kg1 Rxf7 31. Bc5 Bc6 32. e6 Rf5 33. b4 Nf6 34. e7 Kg8 35. Rd1 Kf7 36.
Rd8 Be8 37. Ra8 Rf3 38. Rxa6 Rxh3 39. Ra8 h5 40. a4 bxa4 41. b5 Bxb5 42. Rf8+ Kg6 43.
Bd4 a3 44. Rb8 Bd7 45. Rd8 Ba4 46. Ra8 Rg3+ 47. Kf2 Rd3 0-1

[Event "*** Titled Tuesday Blitz"]
[Site "Chess.com"]
[Date "2020.12.01"]
[Round "6"]
[White "champ2005"]
[Black "BAS8892"]
[Result "1-0"]
[WhiteElo "3011"]
[BlackElo "2718"]
[TimeControl "180+1"]
[EndTime "11:05:49 PST"]
[Termination "champ2005 won by resignation"]

1. c4 Nf6 2. Nc3 g6 3. g3 Bg7 4.
Bg2 O-O 5. Nf3 d6 6. d4 Nc6 7. O-O a6 8. Qc2 Bf5 9. e4 Bd7 10. d5 Na5 11. Nd2 c5 12. b3 b5 13. Bb2 Rb8 14.
Rab1 e5 15. dxe6 fxe6 16. Rfd1 Nc6 17. Nf3 Qe7 18. Qd2 Ne8 19. cxb5 axb5 20. Ne2 e5 21. Nc3 Nd4 22. Nd5 Qd8 23. Nxd4 exd4 24. Rbc1 Nf6 25. e5 Nxd5 26. Bxd5+ Kh8 27. e6 Be8 28. Re1 Qe7 29. f4 Rf5 30. Qg2 Rc8 31. Bb7 Rc7 32. Bd5 h6 33. Be4 Rf6 34. Bd5 Kh7 35. h4 Rf5 36. Be4 Rc8 37. Bxf5 gxf5 38. Qd5 Qf6 39. e7 Bf7 40. Qb7 Re8 41. Kf2 Qg6 42. Rcd1 Qg4 43. Rd3 Bh5 44. Qxb5 Bf6 45. Qb7 Kg6 46. Kg2 Bxh4 47.
Qd7 Kf7 48. Qe6+ Kg7 49. Qxd6 Bf6 50. Qxc5 Kg6 51. Bxd4 Bxd4 52. Qxd4 Kh7 53. Qd5 Bg6 54. Qe5 Qh5 55. Qe2 Qxe2+ 56. Rxe2 Bf7 57. Rd8 Kg7 58.
Rxe8 Bxe8 59. Re5 1-0

[Event "*** Titled Tuesday Blitz"]
[Site "Chess.com"]
[Date "2020.12.01"]
[Round "6"]
[White "Lion-Al-Messi"]
[Black "Andro2"]
[Result "1-0"]
[WhiteElo "2585"]
[BlackElo "2404"]
[TimeControl "180+1"]
[EndTime "11:05:49 PST"]
[Termination "Lion-Al-Messi won on time"]

1. e4 c5 2. Nf3 d6 3. d4 cxd4 4.
Nxd4 Nf6 5. Nc3 a6 6. h3 e6 7. g4 Nfd7 8. Bg2 Be7 9. Be3 Nc6 10. Qe2 Qc7 11. O-O-O Rb8 12. f4 O-O 13. h4 Nxd4 14. Bxd4 b5 15. h5 b4 16. Nb1 e5 17. Be3 exf4 18. Bxf4 Ne5 19. Nd2 Bxg4 20.
Nf3 Rfc8 21. Bxe5 dxe5 22. h6 g6 23. Rd3 Be6 24. Bh3 Qc4 25. b3 Qc6 26. Nxe5 Qb5 27.
Nf3 Qa5 28. Bxe6 fxe6 29. Kb1 Rc7 30. e5 Rbc8 31. Nd4 Qd5 32. Rf1 Rc3 33. Qg4 Rxd3 34. cxd3 Rf8 35. Rxf8+ Bxf8 36. Qxe6+ Qxe6 37. Nxe6 Bxh6 38. d4 Kf7 39. d5 Be3 40. Kc2 h5 41. Kd3 Bb6 42.
Ng5+ Ke7 43. d6+ Kd7 44. Ke4 Bd8 45. Nf3 h4 46. Kd5 h3 47. e6+ Ke8 48. Ke5 Bb6 49. Kf6 Bd8+ 50. e7 1-0

[Event "*** Titled Tuesday Blitz"]
[Site "Chess.com"]
[Date "2020.12.01"]
[Round "6"]
[White "PetrolulSah"]
[Black "MartinMatthiesen"]
[Result "0-1"]
[WhiteElo "2215"]
[BlackElo "2396"]
[TimeControl "180+1"]
[EndTime "11:05:50 PST"]
[Termination "MartinMatthiesen won on time"]

1. d4 Nf6 2. Nf3 e6 3. g3 c5 4.
Bg2 cxd4 5. O-O d5 6. Nxd4 e5 7. Nb3 Nc6 8. Nc3 d4 9. Ne4 Nxe4 10. Bxe4 Be6 11. c3 dxc3 12. bxc3 Be7 13. Be3 O-O 14. Nc5 Bh3 15. Re1 Qc7 16. Qa4 Rac8 17. Rab1 Bxc5 18. Bxc5 Rfd8 19. Red1 Rxd1+ 20. Rxd1 h6 21. f3 b6 22. Bd6 Qd7 23. Bxe5 Qe7 24. Bf4 Qc5+ 25. Kh1 Qf2 26. Rg1 Na5 27. Qd4 Qxe2 28. Be5 Nc6 29. Bxc6 Rxc6 30. Qe4 Qxe4 31. fxe4 Re6 32. Bb8 a5 33.
Ba7 Bg4 34. Re1 Bf3+ 35. Kg1 Bxe4 36. Bxb6 Rxb6 37. Rxe4 Rb1+ 38. Kf2 Rc1 39. Ra4 Rxc3 40. Rxa5 g6 41. h4 h5 42. Ra7 Kg7 43. a4 Ra3 44. a5 Kf6 45. a6 Ke6 46. Ra8 Kf5 47.
a7 Kg4 48. Rf8 Rxa7 0-1

[Event "*** Titled Tuesday Blitz"]
[Site "Chess.com"]
[Date "2020.12.01"]
[Round "6"]
[White "snowlord"]
[Black "Yashasd1995"]
[Result "1-0"]
[WhiteElo "2816"]
[BlackElo "2604"]
[TimeControl "180+1"]
[EndTime "11:05:52 PST"]
[Termination "snowlord won on time"]

1. d4 Nf6 2. Bg5 Ne4 3. Bf4 d5 4. e3 c6 5. Bd3 Nd6 6. Nd2 g6 7. h4 Bf5 8. Bxd6 Qxd6 9. Bxf5 gxf5 10. Ne2 Nd7 11. g3 O-O-O 12. c4 e5 13. cxd5 Qxd5 14. O-O f6 15. Nc3 Qe6 16. Qb3 Qxb3 17. Nxb3 Nb6 18. Ne2 Rg8 19. Kh2 Bh6 20. Nc5 Nc4 21. Rac1 Nd2 22. Rfd1 Nf3+ 23. Kh3 exd4 24. Ne6 d3 25. N2f4 Bxf4 26. Nxf4 d2 27. Rc5 Ne5 28. Kg2 Rd6 29.
Kf1 Rgd8 30. Ke2 Kc7 31. Rc2 Ng4 32. Rc5 Ne5 33. b3 b6 34. Rc2 Ng4 35. Nh3 c5 36. Rcxd2 Rxd2+ 37. Rxd2 Rxd2+ 38. Kxd2 Kd6 39. Ke2 Kd5 40.
Nf4+ Kd6 41. Nh5 Ke6 42. Ng7+ Ke5 43. f4+ Kd5 44. Nxf5 b5 45. Ne7+ Ke4 46. Nc8 Nxe3 47. Nd6+ Kd5 48. Nxb5 Nf5 49. Kf3 c4 50. bxc4+ Kxc4 51.
Nxa7 Kb4 52. Nc6+ Ka3 53. g4 Nxh4+ 54. Kg3 Ng6 55. f5 Nf8 56. Kh4 Kxa2 57. Kh5 Kb3 58. Kh6 Kc4 59. Kg7 Nd7 60. Kxh7 Kd5 61. Nd8 Ke5 62. Kh6 Kf4 63. Kh5 Ne5 64. Ne6+ Kf3 65. g5 fxg5 66. Kxg5 Ke4 67. f6 Kd5 68. Kf5 Kd6 69.
Ng5 1-0

[Event "*** Titled Tuesday Blitz"]
[Site "Chess.com"]
[Date "2020.12.01"]
[Round "6"]
[White "ArjunErigaisi2003"]
[Black "Bigfish1995"]
[Result "1-0"]
[WhiteElo "2934"]
[BlackElo "3057"]
[TimeControl "180+1"]
[EndTime "11:05:53 PST"]
[Termination "ArjunErigaisi2003 won by resignation"]

1. Nf3 g6 2. e4 Bg7 3. d4 d6 4.
Bc4 e6 5. Nc3 a6 6. a4 Nd7 7.
Ne2 Ngf6 8. Ng3 Nxe4 9. Nxe4 d5 10. Bg5 f6 11. Nxf6+ Bxf6 12. Bxf6 Qxf6 13. Bb3 O-O 14. O-O c5 15. c3 b6 16. Re1 Bb7 17. Qd2 Rae8 18.
Re3 c4 19. Bc2 e5 20. Nxe5 Nxe5 21. Rxe5 Rxe5 22. dxe5 Qxe5 23. Re1 Qf6 24. f3 Bc6 25. Re3 d4 26. Qxd4 Qxd4 27. cxd4 Kf7 28. b3 b5 29.
bxc4 bxc4 30. Re5 Rd8 31. Rc5 Bd5 32. Kf2 Ke6 33. Ke3 Kd6 34. Be4 Be6 35. Rc6+ Ke7 36. Rxa6 Bd7 37. Kd2 Rb8 38. Kc3 Rb3+ 39. Kxc4 Rb2 40.
Ra7 Kd6 41. Ra6+ Kc7 42. d5 Kb7 43. Rf6 Bxa4 44. d6+ Kb6 45. Rf7 Bb5+ 46. Kd4 Rd2+ 47. Ke5 Rxg2 48. Rb7+ Kc5 49. Rxb5+ Kxb5 50. d7 Rd2 51. Bd5 1-0

[Event "*** Titled Tuesday Blitz"]
[Site "Chess.com"]
[Date "2020.12.01"]
[Round "6"]
[White "Twannibal"]
[Black "kirillshevchenko"]
[Result "0-1"]
[WhiteElo "2495"]
[BlackElo "2854"]
[TimeControl "180+1"]
[EndTime "11:05:53 PST"]
[Termination "kirillshevchenko won on time"]

1. e4 Nc6 2. Nf3 e5 3. Nc3 d6 4.
d4 exd4 5. Nxd4 g6 6. Nde2 Bg7 7. g3 Nf6 8. Bg2 O-O 9. O-O Re8 10. h3 Rb8 11. a4 a6 12. Nd5 Nxe4 13. Nec3 Nxc3 14. bxc3 Ne5 15. Rb1 c6 16. Nb6 Be6 17. Bf4 Qc7 18. a5 Rbd8 19. Qd2 Bxh3 20. Rfe1 Bxg2 21. Kxg2 Qe7 22.
Re2 Qe6 23. Rbe1 Qa2 24. Bg5 f6 25. Be3 Qxa5 26. f4 Ng4 27. Bd4 Rxe2+ 28. Qxe2 Qf5 29.
Qe7 Rf8 30. Nd7 Rf7 31. Qd8+ Bf8 32. Re8 Qxc2+ 33. Kg1 Qb1+ 34. Kg2 Qa2+ 35. Kg1 Qh2+ 36. Kf1 Qh1+ 37. Ke2 Qh6 38. Bxf6 Rxd7 39. Qxd7 Nxf6 40. Qe6+ Kg7 41. Rb8 Qh2+ 42. Kd1 Qg1+ 43. Kc2 Qf2+ 44. Kb1 Qb6+ 45. Kc1 Qc7 46. Ra8 Qf7 47. Qc8 Be7 48. Rb8 b5 49. Rb7 Kh6 50. Qxc6 Nd5 0-1

[Event "*** Titled Tuesday Blitz"]
[Site "Chess.com"]
[Date "2020.12.01"]
[Round "6"]
[White "ChronicUnhappiness"]
[Black "AlexSuv"]
[Result "1/2-1/2"]
[WhiteElo "2366"]
[BlackElo "2556"]
[TimeControl "180+1"]
[EndTime "11:05:53 PST"]
[Termination "Game drawn by repetition"]

1. c4 e5 2. g3 Nc6 3. Bg2 g6 4. Nc3 Bg7 5. e4 Nge7 6. Nge2 O-O 7. O-O d6 8. d3 f5 9. h3 fxe4 10. dxe4 Be6 11. b3 Qd7 12. Kh2 Nd4 13. Be3 c5 14. Bxd4 cxd4 15. Nd5 Nc6 16. Nc1 Rac8 17. Nd3 Qd8 18.
Qe2 Ne7 19. f4 Nxd5 20. exd5 Bf5 21. fxe5 Bxd3 22. Rxf8+ Qxf8 23. Qxd3 Bxe5 24. Rf1 Qh6 25. Qe4 Qg5 26. Rf3 Rf8 27. h4 Qd2 28. Rxf8+ Kxf8 29.
c5 Qe3 30. Qxe3 dxe3 31. Bf1 dxc5 32. Kg2 Ke7 33. Kf3 Bd4 34. Ke4 Kd6 35. g4 a6 36. a4 Bf6 37. h5 Bg5 38. hxg6 hxg6 39. Bd3 Bh6 40. Be2 Ke7 41. Ke5 Bg7+ 42. Ke4 Bd4 43.
b4 Kd6 44. b5 axb5 45. Bxb5 b6 46. Bc4 Ke7 47. Bb5 Kd6 48. Bc4 Ke7 49. Be2 Kf6 50. Bd3 Kg5 51. Be2 Kf6 52. Bd3 Ke7 53. Be2 Kd6 54. Bc4 1/2-1/2

[Event "*** Titled Tuesday Blitz"]
[Site "Chess.com"]
[Date "2020.12.01"]
[Round "6"]
[White "Beltraxtor"]
[Black "Fortitudine"]
[Result "1-0"]
[WhiteElo "2564"]
[BlackElo "2358"]
[TimeControl "180+1"]
[EndTime "11:05:53 PST"]
[Termination "Beltraxtor won on time"]

1. Nf3 c5 2. b3 b6 3. g3 Bb7 4. Bg2 Nf6 5. Bb2 e6 6. O-O Be7 7. c4 O-O 8. e3 d5 9. Nc3 dxc4 10.
bxc4 Nc6 11. Qe2 Na5 12. Rfd1 Rc8 13. Rac1 Ne4 14. Nxe4 Bxe4 15. d4 Qe8 16. d5 exd5 17. cxd5 Bd6 18. Bh3 Rc7 19. Ng5 Bg6 20. Ba1 Re7 21. Qb2 Be5 22. Qd2 Bxa1 23. d6 Re5 24.
d7 Qd8 25. Nf3 Re6 26. Bxe6 fxe6 27. Ng5 Qxg5 28. d8=Q Rxd8 29. Qxd8+ Qxd8 30. Rxd8+ Kf7 31. Rxa1 Ke7 32. Rg8 Kf7 33. Ra8 Nc6 34. Rc8 Ne5 35. Rc7+ Kf6 36. Rxa7 Be4 37. Kf1 b5 38. f4 Ng4 39.
Ke2 Bd5 40. h3 Nh6 41. g4 Kg6 42. a4 bxa4 43. R1xa4 c4 44. Rc7 Nf7 45. Raa7 e5 46.
fxe5 Nxe5 47. Rxg7+ Kf6 48. Rxh7 Bf3+ 49. Kf2 Be4 50. Rac7 Nd3+ 51. Kg3 Bxh7 52. Rxh7 c3 53. Rc7 1-0

[Event "*** Titled Tuesday Blitz"]
[Site "Chess.com"]
[Date "2020.12.01"]
[Round "6"]
[White "Jospem"]
[Black "Gloomy_Wanderer"]
[Result "1-0"]
[WhiteElo "2964"]
[BlackElo "2706"]
[TimeControl "180+1"]
[EndTime "11:05:55 PST"]
[Termination "Jospem won by resignation"]

1. e4 e5 2. Nf3 Nc6 3. Bb5 a6 4.
Ba4 Nf6 5. O-O Be7 6. d3 b5 7.
Bb3 O-O 8. a4 Bb7 9. Nc3 b4 10.
Ne2 d5 11. exd5 Nxd5 12. a5 Bc5 13. c3 Qd7 14. d4 exd4 15. cxd4 Ba7 16. Qd3 Rfe8 17.
Bd2 Rad8 18. Ng5 g6 19. Nf3 Qg4 20. Rfe1 Qe4 21. Qc4 Re7 22. Bg5 Qg4 23. h3 Qd7 24.
Bxe7 Ncxe7 25. Nf4 Qf5 26. Nd3 Qf6 27. Nde5 Kg7 28.
Rac1 h5 29. Qc2 Bb8 30. Bc4 Ba7 31. Qb3 Nf5 32. Bxd5 Bxd5 33. Qxb4 Bxf3 34. Nxf3 Nxd4 35. Rc3 Nxf3+ 36. Rxf3 Qd4 37. Qxd4+ Rxd4 38. Re7 Rd1+ 39. Kh2 Bd4 40. Rfxf7+ Kg8 41. g3 c5 42. Rb7 Rf1 43. Kg2 Re1 44. Rfe7 Rxe7 45. Rxe7 Bxb2 46. Re6 c4 47.
Rxg6+ Kf7 48. Rc6 c3 49. g4 hxg4 50. hxg4 Kg7 51. f4 Bc1 52. Kf3 Bd2 53. g5 Kf7 54. Kg4 1-0

[Event "*** Titled Tuesday Blitz"]
[Site "Chess.com"]
[Date "2020.12.01"]
[Round "6"]
[White "The_Machine04"]
[Black "sara_khm"]
[Result "1-0"]
[WhiteElo "2427"]
[BlackElo "2578"]
[TimeControl "180+1"]
[EndTime "11:05:55 PST"]
[Termination "The_Machine04 won by resignation"]

1. d4 Nf6 2. Bg5 c5 3. Bxf6 gxf6 4. d5 Qb6 5. Qc1 f5 6. c4 Qh6 7. e3 Bg7 8. Nc3 O-O 9. Bd3 e6 10. Nge2 Na6 11. a3 Nc7 12. Qc2 d6 13. h3 a6 14. a4 b6 15. g4 Rb8 16. gxf5 exd5 17. Nxd5 Nxd5 18. cxd5 b5 19. axb5 axb5 20. Nf4 Be5 21.
Rg1+ Kh8 22. Rg4 Re8 23. Kd2 c4 24. Be4 b4 25. Qxc4 Bxb2 26. Ra7 Bc3+ 27. Ke2 Rf8 28. Kf3 Be5 29. Qb3 Qf6 30. Rc7 Bxf5 31. Bxf5 Qxf5 32. Rc4 Bc3 33. Rxc3 bxc3 34. Qxc3+ Qe5 35. Qxe5+ dxe5 36. Nh5 f6 37. Ng3 f5 38. Rg5 e4+ 39. Kf4 Rb2 40. Rxf5 Rxf2+ 41. Kxe4 R8xf5 42. Nxf5 Rh2 43. h4 Kg8 44. Ke5 Kf7 45. e4 Ke8 46. Ke6 h5 47. e5 Ra2 48. d6 Rg2 49. Kd5 Rd2+ 50. Nd4 Rh2 51. e6 Rxh4 52. d7+ Kd8 53. Nc6+ Kc7 54.
d8=Q+ 1-0

[Event "*** Titled Tuesday Blitz"]
[Site "Chess.com"]
[Date "2020.12.01"]
[Round "6"]
[White "bazar-wokzal"]
[Black "emiliochess"]
[Result "1-0"]
[WhiteElo "2527"]
[BlackElo "2344"]
[TimeControl "180+1"]
[EndTime "11:05:55 PST"]
[Termination "bazar-wokzal won by checkmate"]

1. e4 d5 2. exd5 Nf6 3. Bb5+ Bd7 4. Bc4 b5 5. Bb3 Bg4 6. f3 Bc8 7. a4 Nxd5 8. axb5 Nf4 9. g3 Ng6 10. d4 e5 11. Be3 Bb7 12. Nc3 exd4 13. Qxd4 Qxd4 14.
Bxd4 a6 15. Kf2 f6 16. Nh3 Bb4 17. Rhe1+ Kd8 18. Rad1 Nd7 19. Be6 Ngf8 20. Nf4 Nxe6 21. Nxe6+ Kc8 22. bxa6 Bxa6 23. Nxg7 h5 24. Re8+ Kb7 25.
Rxa8 Kxa8 26. Nd5 Bd6 27. Nf5 h4 28. Nxd6 hxg3+ 29. hxg3 cxd6 30. Nc7+ Kb7 31. Nxa6 Kxa6 32. Be3 Ne5 33. Rxd6+ Kb5 34. Rb6+ Ka5 35. Rxf6 Rh2+ 36. Kg1 Rxc2 37. Bd4 Nd3 38. g4 Kb5 39. g5 Kc4 40. Bc3 Rc1+ 41. Kg2 Ra1 42. g6 Ra8 43. g7 Rg8 44.
Rf8 Nf4+ 45. Rxf4+ Kd5 46. Rf8 Rxg7+ 47. Bxg7 Ke6 48.
f4 Ke7 49. f5 Kd6 50. f6 Kd5 51. Re8 Kc4 52. f7 Kb3 53. f8=Q Kc2 54. b4 Kb1 55. b5 Ka2 56. b6 Kb3 57. b7 Ka4 58. b8=Q Ka5 59. Qa3# 1-0

[Event "*** Titled Tuesday Blitz"]
[Site "Chess.com"]
[Date "2020.12.01"]
[Round "6"]
[White "AsaHoffmann"]
[Black "PawnEatingZombie"]
[Result "1/2-1/2"]
[WhiteElo "2378"]
[BlackElo "2181"]
[TimeControl "180+1"]
[EndTime "11:05:55 PST"]
[Termination "Game drawn by agreement"]

1. d4 d5 2. Bg5 f6 3. Bf4 Nc6 4. Nf3 Bg4 5. Nbd2 e6 6. Bg3 Bd6 7. e3 Nge7 8. c4 Nf5 9. Bd3 Nxg3 10. hxg3 f5 11. Qb3 Na5 12. Qa4+ c6 13. Ne5 Bxe5 14. dxe5 dxc4 15. Bxc4 Nxc4 16. Qxc4 f4 17. gxf4 Qd5 18. Qxd5 cxd5 19. f3 Bf5 20. g4 Bd3 21. Kf2 Rc8 22.
Rac1 Kf7 23. Nb3 Bc4 24. Rc3 Bxb3 25. Rxb3 Rc2+ 26. Kg3 b6 27. f5 h6 28. Rc3 Rxc3 29. bxc3 Rc8 30. Rc1 Rc4 31. f4 Ra4 32. Rc2 Ra3 33. Kf3 b5 34. Ke2 a5 35. Kd3 Ke7 36.
Kd4 Kd7 37. fxe6+ Kxe6 38. f5+ Kd7 39. Kxd5 Ra4 40. e4 Ke7 41. e6 Rc4 42. e5 Rxg4 43.
f6+ gxf6 44. exf6+ Kxf6 45. Rf2+ Ke7 46. Rf7+ Ke8 47.
Rb7 b4 48. cxb4 axb4 49. Kd6 Rd4+ 50. Ke5 Rd2 51. Rxb4 Rxa2 52. Rh4 Re2+ 53. Kf6 Rf2+ 54. Kg6 Rg2+ 55. Kxh6 Ke7 56. Re4 Rg1 57. Kh5 Rg2 58. Kh4 Rg1 59. Kh3 Rg8 60. Kh4 Rg7 1/2-1/2

[Event "*** Titled Tuesday Blitz"]
[Site "Chess.com"]
[Date "2020.12.01"]
[Round "6"]
[White "hansen"]
[Black "Piotrek1979"]
[Result "1/2-1/2"]
[WhiteElo "2902"]
[BlackElo "2496"]
[TimeControl "180+1"]
[EndTime "11:05:57 PST"]
[Termination "Game drawn by agreement"]

1. e4 c6 2. Nc3 d5 3. Nf3 Bg4 4. h3 Bxf3 5. Qxf3 e6 6. d4 Nf6 7.
Bd3 dxe4 8. Nxe4 Nbd7 9. c3 Nxe4 10. Bxe4 Nf6 11. Bc2 Qd5 12. Qxd5 exd5 13. O-O Bd6 14. Bg5 Kd7 15. Rae1 Rae8 16. Bf5+ Kc7 17. Bxf6 Rxe1 18. Rxe1 gxf6 19. g3 h6 20. Kg2 Kd8 21. Kf3 Re8 22.
Rh1 b5 23. a3 a5 24. h4 Kc7 25.
Bd3 b4 26. cxb4 axb4 27. a4 b3 28. a5 Ra8 29. a6 Kb6 30. Kg4 c5 31. dxc5+ Kxc5 32.
Kf5 Be5 33. Re1 Bxb2 34. Rb1 Bd4 35. Rxb3 Bxf2 36. Bf1 Bd4 37. Rb7 Kd6 38. Rxf7 Rb8 39. Rh7 Rb3 40. Be2 Rxg3 41. Rxh6 Ra3 42. Rh8 Ra2 43. Bd3 Rf2+ 44. Kg6 Rg2+ 45. Kf7 Rg3 46. Bb5 f5 47. Rb8 f4 48. Rb7 Rg7+ 49. Kf8 Rxb7 50.
axb7 Kc7 51. Ke7 f3 52. Ke6 Ba7 53. Kxd5 Kxb7 54. h5 Be3 55. Ke4 Bh6 56. Kxf3 Kc7 57. Ke4 Kd6 58. Kf5 Bd2 59. Kg6 Be3 60. Kh7 1/2-1/2

[Event "*** Titled Tuesday Blitz"]
[Site "Chess.com"]
[Date "2020.12.01"]
[Round "6"]
[White "maheswaran26"]
[Black "GMaka"]
[Result "1-0"]
[WhiteElo "2228"]
[BlackElo "2435"]
[TimeControl "180+1"]
[EndTime "11:05:57 PST"]
[Termination "maheswaran26 won on time"]

1. d4 Nf6 2. Nf3 g6 3. c4 Bg7 4. Nc3 O-O 5. e4 d6 6. h3 c5 7. d5 e6 8. Bd3 exd5 9. exd5 Re8+ 10. Be3 Nbd7 11. O-O Ne5 12. Nxe5 Rxe5 13. Bf4 Re7 14. Qd2 Ne8 15. Rfe1 Bd7 16. Rxe7 Qxe7 17. Re1 Qf8 18.
Bg5 f6 19. Bf4 Nc7 20. Ne4 Ne8 21. b4 b6 22. bxc5 dxc5 23. Bc2 h6 24. h4 f5 25. Ng3 Nf6 26. d6 Re8 27. Rxe8 Qxe8 28. Bxh6 Bxh6 29. Qxh6 Ng4 30. Qd2 Qe5 31. h5 Kg7 32. hxg6 Kxg6 33. Qd1 Qd4 34. Qxd4 cxd4 35. Ne2 Ne5 36. Nxd4 Nxc4 37.
Nxf5 Kf6 38. Ne3 Nxd6 39. f4 Be6 40. a4 a5 41. g4 Nc4 42. g5+ Ke7 43. Nxc4 Bxc4 44. Kf2 b5 45. axb5 Bxb5 46. Ke3 Bc4 47. Kd4 Ba2 48. f5 Kf7 49. Ke5 Bc4 50.
g6+ Kg7 51. Kd4 Bb5 52. Ke5 Bc4 53. f6+ 1-0

[Event "*** Titled Tuesday Blitz"]
[Site "Chess.com"]
[Date "2020.12.01"]
[Round "6"]
[White "arjwezhrtdrz"]
[Black "carloseduar100"]
[Result "1-0"]
[WhiteElo "2313"]
[BlackElo "2040"]
[TimeControl "180+1"]
[EndTime "11:05:57 PST"]
[Termination "arjwezhrtdrz won by resignation"]

1. e4 e6 2. d4 d5 3. Nd2 c5 4. exd5 Qxd5 5. Ngf3 cxd4 6. Bc4 Qd7 7. O-O Nc6 8. Nb3 Nf6 9. Nbxd4 Nxd4 10. Qxd4 Qxd4 11.
Nxd4 a6 12. b3 Bd7 13. Bb2 Be7 14. Nf3 O-O 15. Ne5 Rfd8 16. Nxd7 Rxd7 17. Rad1 Rad8 18. Bd3 Nd5 19. Be4 Nb4 20. Rxd7 Rxd7 21. a3 Nc6 22. Bxc6 bxc6 23. Bc1 e5 24. f3 f5 25. Kf2 Kf7 26. Ke2 Ke6 27. Rd1 Rxd1 28. Kxd1 g5 29. Ke2 h5 30. Kd3 h4 31. h3 Bc5 32. c4 Be7 33. a4 Kd7 34. c5 Ke6 35. Kc4 e4 36. fxe4 fxe4 37. Be3 Kf5 38. b4 g4 39. b5 cxb5+ 40. axb5 axb5+ 41. Kxb5 gxh3 42. gxh3 Ke5 43. c6 Bd8 44. Ka6 Kd5 45. Kb7 Kc4 46. Bf2 Kd3 47.
Bxh4 Bxh4 48. c7 e3 49. c8=Q e2 50. Qf5+ Ke3 51. Qc5+ Kf3 52. Qh5+ Kg3 53. Qg4+ Kf2 54. Qxh4+ Kf1 55. Qf4+ Kg2 56. Qe3 Kf1 57. h4 e1=Q 58. Qxe1+ Kxe1 59. h5 1-0

[Event "*** Titled Tuesday Blitz"]
[Site "Chess.com"]
[Date "2020.12.01"]
[Round "6"]
[White "kuban1991"]
[Black "FrostNova"]
[Result "0-1"]
[WhiteElo "2822"]
[BlackElo "3011"]
[TimeControl "180+1"]
[EndTime "11:06:00 PST"]
[Termination "FrostNova won on time"]

1. Nf3 f5 2. d4 Nf6 3. Bg5 Ne4 4. h4 d5 5. e3 Be6 6. Nbd2 Nd7 7. c4 c6 8. Qb3 Qb6 9. c5 Qxb3 10. axb3 a6 11. b4 Rc8 12. Bf4 Nxd2 13. Nxd2 Nf6 14.
Nb3 Rd8 15. Na5 Bc8 16. Bd3 g6 17. f3 Kf7 18. Kd2 Bg7 19. Be5 Rhe8 20. Rag1 Bh6 21. g4 fxg4 22. fxg4 Nxg4 23. Rxg4 Bxg4 24.
Nxb7 Ra8 25. Ra1 Bg7 26. Bg3 Bc8 27. Na5 Bd7 28. Nb7 Ra7 29. Na5 e5 30. e4 exd4 31. exd5 cxd5 32. c6 Bh6+ 33. Kc2 Bf5 34. Rf1 Re2+ 35.
Kb1 Re3 36. Bxf5 gxf5 37. Bb8 Rae7 38. Rxf5+ Ke6 39. Rh5 Re1+ 40. Ka2 Be3 41. Nb7 d3 42. Re5+ Kf6 43. c7 Rxc7 44. Bxc7 d2 45. Rxd5 d1=Q 46.
Rxd1 Rxd1 47. Nc5 Bxc5 48. bxc5 Ke6 49. b4 Kd5 50. Kb3 Kc6 51. Bd6 Kb5 52. Kc3 Rg1 53. Be7 Rg4 0-1